 Dungeon Crawl Stone Soup version 0.21-a0 (webtiles) character file.

100 Lexie the Sneak (level 4, -9/21 HPs)
             Began as a Spriggan Enchanter on May 20, 2017.
             Hit by a tomahawk thrown by an orc warrior (10 damage)
             ... on level 3 of the Dungeon.
             The game lasted 00:05:33 (3195 turns).

Lexie the Sneak (Spriggan Enchanter)                Turns: 3195, Time: 00:05:33

Health: -9/21      AC:  3    Str:  4    XL:     4   Next: 47%
Magic:  0/10       EV: 18    Int: 17    God:
Gold:   174        SH:  0    Dex: 16    Spells: 1/10 levels left

rFire    . . .     SeeInvis +   a - +1 dagger
rCold    . . .     Gourm    .   (shield restricted)
rNeg     . . .     Faith    .   b - +0 robe
rPois    .         Spirit   .   (helmet restricted)
rElec    .         Reflect  .   i - +0 cloak (curse)
rCorr    .         Harm     .   (gloves unavailable)
MR       .....                  (boots unavailable)
Stlth    +++.......             (no amulet)
Regen    0.1/turn               (no ring)
MPRegen  0.2/turn               (no ring)

@: hasted, very quick
A: unfitting armour, see invisible, herbivore 3, speed 3, slow metabolism 2
a: no special abilities


You were on level 3 of the Dungeon.
You were not hungry.

You visited 1 branch of the dungeon, and saw 3 of its levels.

You collected 174 gold pieces.

Inventory:

Hand Weapons
 a - a +1 dagger (weapon)
Missiles
 m - 10 poisoned needles
Armour
 b - a +0 robe (worn)
 i - a cursed +0 cloak (worn)
Jewellery
 s - a +5 ring of intelligence {unknown}
Scrolls
 e - a scroll of blinking {unknown}
 h - 2 scrolls of amnesia {unknown}
 k - 2 scrolls of remove curse {unknown}
 l - a scroll of teleportation {unknown}
 o - a scroll of magic mapping {unknown}
 q - 2 scrolls of identify {unknown}
 r - a scroll of immolation {unknown}
Potions
 f - a potion of flight {unknown}
 n - a potion of haste
 p - a potion of magic {unknown}
Books
 c - a book of Maledictions

   Spells                             Type                      Level
   a - Corona                         Hexes                        1
   b - Ensorcelled Hibernation        Hexes/Ice                    2
   c - Confuse                        Hexes                        3
   d - Tukima's Dance                 Hexes                        3
   e - Dazzling Spray                 Conjuration/Hexes            3
Comestibles
 d - a bread ration
 g - a royal jelly
 j - 4 fruits


   Skills:
 * Level 2.9 Short Blades
 - Level 3.0 Dodging
 * Level 5.6 Stealth
 + Level 3.8 Spellcasting
 - Level 4.1 Hexes


You had one spell level left.
You knew the following spells:

 Your Spells              Type           Power        Failure   Level  Hunger
a - Corona                Hex            ###....      3%          1    None
b - Ensorcelled Hibernat  Hex/Ice        ##....       11%         2    ##.....
c - Confuse               Hex            ###.....     9%          3    ###....
d - Tukima's Dance        Hex            ###.....     9%          3    ###....


Dungeon Overview and Level Annotations

Branches:
Dungeon (3/15)

Altars:
Nemelex Xobeh


Innate Abilities, Weirdness & Mutations

You are very small and have problems with some larger weapons.
You are too small for most types of armour.
You have supernaturally acute eyesight. (SInv)
You are a herbivore.
You cover ground extremely quickly.
You need consume almost no food.


Message History

Press: ? - help, Shift-Dir - straight line, f - orc warrior
Aim: an orc warrior, wielding a long sword and wearing a plate armour (almost dead, chance to defeat MR: 48%)
The orc warrior resists with some effort.
The orc warrior throws a tomahawk.
The tomahawk misses you.
Casting: Confuse
Confirm with . or Enter, or press ? or * to list all spells.
Aiming: Confuse
Press: ? - help, Shift-Dir - straight line, f/p - orc warrior
Aim: an orc warrior, wielding a long sword and wearing a plate armour (almost dead, chance to defeat MR: 48%)
The orc warrior resists with some effort.
Casting: Confuse
Confirm with . or Enter, or press ? or * to list all spells.
You don't have enough magic to cast that spell.
Wield which item (- for none, * to show all)? (? for menu, Esc to quit)
Okay, then.
Wield which item (- for none, * to show all)? (? for menu, Esc to quit)
Okay, then.
It was a potion of haste.
You feel yourself speed up.
The orc warrior throws a tomahawk.
The tomahawk hits you!
You die...

#.######..# #.#....#..#
#.#.##.#..# #########
#.#.##.#..########
..o...o.########.#.##.#....%.....
...o.((..(.......................
......##.#######.#.#..#.#####....
#####.##.## #.#.#..#.# #.###
#.##..# #@#.#..#.# #.#
...##.######.#.#..#.# #.#
...+.....o.#o#.#..#.#####.###
#...##...##.#.#.#..#..........
#...##...#...(รท....#.#####.###
#...#..#.#.#..#.. #....
#...#...<#(...# #####
#.#.#....#...## #.#......#...#


You could see an orc warrior.

Vanquished Creatures
  3 adders (D:2)
  3 worms
  3 dart slugs
  4 leopard geckos
  2 giant cockroaches (D:1)
  4 goblins
  8 hobgoblins
  5 jackals
  4 bats
  4 frilled lizards
  9 kobolds
  6 rats
55 creatures vanquished.

Notes
Turn   | Place    | Note
-------+----------+-------------------------------------------
     0 | D:1      | Lexie the Spriggan Enchanter began the quest for the Orb.
     0 | D:1      | Reached XP level 1. HP: 9/9 MP: 5/5
   357 | D:1      | Reached XP level 2. HP: 12/13 MP: 6/6
   366 | D:1      | Learned a level 2 spell: Ensorcelled Hibernation
   977 | D:1      | Found a sparkling altar of Nemelex Xobeh.
  1151 | D:1      | Reached XP level 3. HP: 11/16 MP: 0/8
  1405 | D:1      | Reached skill level 5 in Stealth
  2298 | D:2      | Reached XP level 4. HP: 21/21 MP: 7/10
  2836 | D:3      | Learned a level 3 spell: Confuse
  2840 | D:3      | Learned a level 3 spell: Tukima's Dance
  2988 | D:3      | Noticed an orc warrior
  3189 | D:3      | HP: 1/21 [orc warrior/long sword (17)]
  3195 | D:3      | Hit by a tomahawk thrown by an orc warrior

Vault maps used:
D:1:      dpeg_arrival_line_fractal, nemelex_diamond_rough_becter
D:3:      lemuel_upstairs_altar, tgw_xom, roderic_lattice_a

Skill      XL: |  1  2  3 |
---------------+----------+-----
Spellcasting   | 3 |  3.8
Hexes          | 4 |  4.1
Stealth        | 5 |  5.6
Short Blades   | 2 |  2.9
Dodging        | |  3.0

Action                   |  1- 3 |  4- 6 || total
-------------------------+-------+-------++-------
Melee: Dagger            |   122 |    21 ||   143
 Cast: Corona            |     1 |       ||     1
       Ensorcelled Hiber |    40 |    19 ||    59
       Confuse           |       |     2 ||     2
  Use: Potion            |       |     1 ||     1
 Stab: Sleeping          |    31 |    13 ||    44
  Eat: Fruit             |       |     3 ||     3
Armor: Robe              |     6 |       ||     6
Dodge: Dodged            |    80 |    24 ||   104
